Description

This is the BO from sc2swarm.com/index.php/2019/09/13/new-overlord-speed-openings-zvt/

VOD

https://www.youtube.com/watch?v=2_FHVv3rm18

Replay - HeRoMaRinE v Lambo: Game 1 - Triton LE

Build Order

Get SALT Encoding   

  13  0:12  Overlord  
  16  0:47  Hatchery  
  18  1:07  Extractor  
  17  1:12  Spawning Pool  
  20  1:50  Overlord  
  20  1:59  Queen x2  
  24  2:01  Zergling x4  
  26  2:10  Action  Send a Drone to the third base
  28  2:45  Metabolic Boost  Cancel to take Hatch if appropriate
  30  2:46  Hatchery  Third
  30  2:47  Action  Pull 2 Drones off gas @175
  30  2:48  Metabolic Boost  
  30  2:49  Pneumatized Carapace  
  31  2:50  Overlord  
  37  3:05  Drone x2  @100% first inject, make these drones and rally into gas
Spawning Tool Build Advisor. Get it on Overwolf

Go to:

Details

  • Created by: Imalayan
  • Published on: Aug 28, 2020
  • Modified on: Aug 28, 2020
  • Patch: 4.11.0
  • Difficulty: Medium
Show
View Real Time Build Order
Export as new Build Order

Comments (0)

There are no comments. Be the first!

Create an account to comment!